 Dungeon Crawl Stone Soup version 0.25.1-2-g60ff931df9 (webtiles) character file.

Game seed: 7416814048379820090

888 Desymo99 the Chopper (level 7, 0/62 HPs)
             Began as a Minotaur Berserker on Oct 10, 2020.
             Was a Priest of Trog.
             Slain by a water moccasin (5 damage)
             ... on level 5 of the Dungeon.
             The game lasted 00:16:25 (5319 turns).

Desymo99 the Chopper (Minotaur Berserker)           Turns: 5319, Time: 00:16:26

Health: 0/62       AC:  4    Str: 23    XL:     7   Next: 77%
Magic:  6/6        EV: 13    Int:  4    God:    Trog [***...]
Gold:   205        SH:  0    Dex: 10    Spells: 6/6 levels left

rFire    . . .     SeeInvis .   a - +0 hand axe
rCold    . . .     Gourm    .   (no shield)
rNeg     . . .     Faith    .   i - +0 leather armour
rPois    .         Spirit   .   (helmet restricted)
rElec    .         Reflect  .   (no cloak)
rCorr    .         Harm     .   p - +0 pair of gloves
MR       .....                  (no boots)
Stlth    +.........             (no amulet)
HPRegen  0.20/turn              (no ring)
MPRegen  0.10/turn              (no ring)

@: lethally poisoned (0 -> -6)
A: retaliatory headbutt, horns 2
a: Berserk, Trog's Hand, Renounce Religion


You were on level 5 of the Dungeon.
You worshipped Trog.
Trog was most pleased with you.
You were not hungry.

You visited 1 branch of the dungeon, and saw 5 of its levels.

You collected 205 gold pieces.

Inventory:

Hand Weapons
 a - a +0 hand axe (weapon)
 v - a +0 battleaxe
Missiles
 j - 142 stones (quivered)
 s - 12 poisoned darts
Armour
 i - a +0 leather armour (worn)
 p - a +0 pair of gloves (worn)
Jewellery
 e - an uncursed ring of flight {unknown}
 t - an uncursed ring of flight {unknown}
Wands
 o - a wand of paralysis (6)
Scrolls
 b - a scroll of enchant armour {unknown}
 d - 2 scrolls of fear {unknown}
 g - 8 scrolls of remove curse {unknown}
 h - 5 scrolls of teleportation {unknown}
 l - 2 scrolls of amnesia {unknown}
 m - 2 scrolls of blinking {unknown}
 n - 6 scrolls of identify {unknown}
 r - a scroll of immolation {unknown}
 u - a scroll of enchant weapon {unknown}
Potions
 f - a potion of stabbing {unknown}
 k - a potion of heal wounds {unknown}
 q - a potion of flight {unknown}
 w - a potion of curing
Comestibles
 c - 6 rations


   Skills:
 + Level 5.9 Fighting
 * Level 7.6 Axes
 + Level 5.3 Armour
 + Level 4.7 Dodging


You had 6 spell levels left.
You didn't know any spells.
Your spell library was empty.

Dungeon Overview and Level Annotations

Branches:
Dungeon (5/15)
 Temple: D:4-7

Altars:
Ashenzari
Nemelex Xobeh
Trog
Yredelemnul

Shops:
D:4 [[


Innate Abilities, Weirdness & Mutations

You reflexively headbutt those who attack you in melee.
You have a pair of horns on your head.


Message History

You are too injured to fight recklessly!
You are too injured to fight recklessly!
You hit the orc wizard but do no damage.
The orc wizard barely misses you.
The phantom blinks!
You hit the orc wizard but do no damage.
The orc priest completely misses you. The orc wizard closely misses you.
The phantom blinks!
You slash the orc priest!
The orc priest is heavily wounded.
You barely miss the orc wizard. You hit the water moccasin.
The water moccasin bites you.
* * * LOW HITPOINT WARNING * * *
You are poisoned.
The water moccasin poisons you!
The orc priest mumbles some strange prayers to Beogh against you.
Pain shoots through your body!
* * * LOW HITPOINT WARNING * * *
The orc wizard hits you but does no damage.
The water moccasin bites you.
You die...

#..## #...#
##...##
####.....#
........W##
......>.#
#.o§..##
#S@o..#
#.....##
#......##
#.......##
###
###......##
#..
##....).#
#.
###....## #
####..##
##..##


You could see a phantom, a water moccasin, an orc priest and an orc wizard.

Vanquished Creatures
  2 sky beasts (D:5)
  2 ogres (D:4)
  A bullfrog (D:3)
  2 scorpions (D:4)
  A crimson imp (D:5)
  A bullfrog skeleton (D:4)
  An orc wizard (D:3)
  3 worker ants (D:4)
  3 gnolls (D:2)
  6 adders
  3 oozes
  An adder skeleton (D:4)
  4 worms
  5 dart slugs
  7 orcs
  7 giant cockroaches
  8 goblins
  9 hobgoblins
  7 jackals (D:4)
  4 kobolds
  2 quokkas
  A ball python (D:2)
  8 bats
  5 frilled lizards
  A leopard gecko skeleton (D:4)
  8 rats
102 creatures vanquished.

Notes
Turn   | Place    | Note
-------+----------+-------------------------------------------
     0 | D:1      | Desymo99 the Minotaur Berserker began the quest for the
                  | Orb.
     0 | D:1      | Reached XP level 1. HP: 19/19 MP: 0/0
   228 | D:1      | Reached XP level 2. HP: 27/27 MP: 1/1
   330 | D:1      | Reached skill level 4 in Axes
   756 | D:1      | Reached XP level 3. HP: 33/33 MP: 2/2
   778 | D:1      | Reached ** piety under Trog
   924 | D:1      | HP: 1/33 [poisoned by an adder]
  1308 | D:2      | Reached XP level 4. HP: 40/40 MP: 3/3
  1836 | D:2      | Reached skill level 5 in Axes
  2233 | D:2      | Reached XP level 5. HP: 47/47 MP: 4/4
  3242 | D:3      | Found a bloodstained altar of Trog.
  3242 | D:3      | Found a shattered altar of Ashenzari.
  3245 | D:3      | Reached XP level 6. HP: 55/55 MP: 5/5
  3658 | D:3      | Found a sparkling altar of Nemelex Xobeh.
  3723 | D:4      | Reached *** piety under Trog
  3735 | D:4      | Reached skill level 5 in Fighting
  3735 | D:4      | Reached skill level 6 in Axes
  4184 | D:4      | Reached XP level 7. HP: 43/61 MP: 6/6
  4370 | D:4      | Found Kiosa's Antique Armour Boutique.
  4637 | D:4      | Reached skill level 7 in Axes
  4842 | D:4      | Found Qumakh's Antique Armour Emporium.
  5158 | D:5      | Entered Level 5 of the Dungeon
  5158 | D:5      | Found a basalt altar of Yredelemnul.
  5169 | D:5      | Reached skill level 5 in Armour
  5319 | D:5      | Slain by a water moccasin

Illustrated notes

Levels and vault maps discovered:
D:1:      lemuel_arrival_broad_hall, layout_loops_ring
D:2:      layout_basic, first_ration
D:3:      layout_loops_ring, marbit_many_paths, gammafunk_temple_overflow_pools
D:4:      layout_cave_pods, serial_shops,
          nicolae_shop_competitors_out_of_business, shop,
          chequers_serial_rivers_small_b, minmay_bent
D:5:      layout_cave_pods, overflow_temple_1_default, uniq_grinder,
          uniq_prince_ribbit1

Skill      XL: |  1  2  3  4  5  6  7 |
---------------+----------------------+-----
Axes           | 4 5 6 7 |  7.6
Fighting       | 4 5 |  5.9
Armour         | 3 4 5 |  5.3
Dodging        | 3 4 |  4.7

Action                   |  1- 3 |  4- 6 |  7- 9 || total
-------------------------+-------+-------+-------++-------
Melee: Hand axe          |    82 |   135 |    66 ||   283
       Headbutt          |     8 |    32 |     8 ||    48
Invok: Berserk           |       |       |     1 ||     1
  Use: Potion            |     1 |       |       ||     1
  Eat: Chunk             |     1 |     7 |     1 ||     9
       Ration            |       |     1 |     1 ||     2
Armor: Leather armour    |    16 |    23 |     9 ||    48
Dodge: Dodged            |    37 |    85 |    40 ||   162
